 Dungeon Crawl Stone Soup version 0.24.0-5-g267a8d59f4 (webtiles) character file.

Game seed: 5313331038127148627, levelgen mode: deterministic

376 roguesci the Ruffian (level 6, 0/61 HPs)
             Began as a Troll Monk on Nov 1, 2019.
             Slain by Ijyb
             ... wielding a +0 club
              (1 damage)
             ... on level 3 of the Dungeon.
             The game lasted 00:06:13 (1609 turns).

roguesci the Ruffian (Troll Monk)                   Turns: 1609, Time: 00:06:13

Health: 0/61       AC:  0    Str: 22    XL:     6   Next: 44%
Magic:  5/5        EV: 11    Int:  6    God:
Gold:   138        SH:  0    Dex: 12    Spells: 5/5 levels left

rFire    . . .     SeeInvis .     - Unarmed
rCold    . . .     Gourm    +   (no shield)
rNeg     . . .     Faith    .   a - +0 robe
rPois    .         Spirit   .   (helmet restricted)
rElec    .         Reflect  .   (no cloak)
rCorr    .         Harm     .   (gloves unavailable)
MR       .....                  (boots unavailable)
Stlth    ++........             (no amulet)
HPRegen  0.60/turn              (no ring)
MPRegen  0.09/turn              (no ring)

@: corroded
A: large, unfitting armour, claws 3, iridescent scales 1, fast metabolism 3,
gourmand, mutation resistance 1, regeneration 1, screaming 1, shaggy fur 1,
tough skin 3
a: no special abilities


You were on level 3 of the Dungeon.
You were completely stuffed.

You visited 1 branch of the dungeon, and saw 3 of its levels.

You collected 138 gold pieces.

Inventory:

Missiles
 f - 68 stones (quivered)
Armour
 a - a +0 robe (worn)
 j - a +0 cloak
Wands
 i - a wand of flame (15)
Scrolls
 c - 2 scrolls of identify
 d - a scroll of teleportation {unknown}
 h - 3 scrolls of remove curse
 k - a scroll of enchant armour {unknown}
Comestibles
 b - 7 rations
 g - 5 chunks of flesh


   Skills:
 + Level 3.4 Fighting
 + Level 3.4 Dodging
 + Level 2.0 Stealth
 * Level 5.2 Unarmed Combat


You had 5 spell levels left.
You didn't know any spells.
Your spell library was empty.

Dungeon Overview and Level Annotations

Branches:
Dungeon (3/15)

Altars:
Sif Muna

Annotations:
D:3 Ijyb


Innate Abilities, Weirdness & Mutations

You are too large for most types of armour.
You have claws for hands.
Your metabolism is lightning-fast.
You like to eat raw meat.
Your natural rate of healing is unusually fast.
You are covered in fur. (AC +1)
You have extremely tough skin. (AC +3)
You are partially covered in iridescent scales. (AC +2)
You are somewhat resistant to further mutation.
You occasionally shout uncontrollably at your foes.


Message History

You kill the goblin!
Ijyb zaps a wand.
The bolt of acid hits you. The acid corrodes you!
You are splashed with acid!
Unknown command.
It was a potion of mutation.
You feel extremely strange.
Iridescent scales grow over part of your body.
You feel genetically stable.
You feel the urge to shout.
You scratch Ijyb but do no damage. Ijyb hits you with a +0 club.
You scratch Ijyb.
Ijyb is lightly wounded.
You barely miss Ijyb.
Ijyb is lightly wounded.
Ijyb zaps a wand.
The bolt of acid hits you!
* * * LOW HITPOINT WARNING * * *
The acid corrodes you!
You are splashed with acid!
* * * LOW HITPOINT WARNING * * *
You closely miss Ijyb.
Ijyb is lightly wounded.
Ijyb hits you with a +0 club.
You die...

.# #.##.# .# #.##.#
#.# .# #.##.## ... .#
###+##..# #.#### .#
........# #.#?. .#
........###.#.## ##
.......<........ .# .#
.##+####.##.#.###.#..#
#.......#@#.....#.<#
#......÷#g#........#
♣........g........##.
♣......#.##.g........
♣......#..#.......#
♣......##.#8.....8# ♣♣
♣#......##.#.......#
.♣♣♣♣♣.#......
#.#8.....8#
.......+.#####
#.#.......#


You could see Ijyb and a goblin.

Vanquished Creatures
  Sigmund (D:3)
  Crazy Yiuf (D:2)
  Natasha (D:3)
  Terence (D:2)
  5 adders
  2 oozes
  2 worms (D:3)
  2 dart slugs (D:1)
  2 leopard geckos
  An orc (D:3)
  2 giant cockroaches (D:2)
  9 goblins
  8 hobgoblins
  6 jackals
  A quokka (D:2)
  A ball python (D:2)
  7 bats
  2 frilled lizards (D:1)
  7 kobolds
  4 rats
65 creatures vanquished.

Vanquished Creatures (others)
  A goblin (D:3)
1 creature vanquished.

Grand Total: 66 creatures vanquished

Notes
Turn   | Place    | Note
-------+----------+-------------------------------------------
     0 | D:1      | roguesci the Troll Monk began the quest for the Orb.
     0 | D:1      | Reached XP level 1. HP: 22/22 MP: 0/0
    32 | D:1      | Reached XP level 2. HP: 24/29 MP: 1/1
   371 | D:1      | Reached XP level 3. HP: 32/36 MP: 2/2
   489 | D:2      | Found a shimmering blue altar of Sif Muna.
   518 | D:2      | Noticed Terence
   535 | D:2      | Killed Terence
   552 | D:2      | Reached XP level 4. HP: 44/44 MP: 3/3
   702 | D:2      | Found a runed translucent door.
   703 | D:2      | Noticed Crazy Yiuf
   752 | D:2      | Reached skill level 4 in Unarmed Combat
  1012 | D:2      | Killed Crazy Yiuf
  1012 | D:2      | Reached XP level 5. HP: 38/53 MP: 4/4
  1103 | D:3      | Noticed Sigmund
  1136 | D:3      | Killed Sigmund
  1136 | D:3      | Reached skill level 5 in Unarmed Combat
  1136 | D:3      | Reached XP level 6. HP: 4/61 MP: 5/5
  1575 | D:3      | Noticed Natasha
  1579 | D:3      | Killed Natasha
  1590 | D:3      | Noticed Ijyb
  1605 | D:3      | Gained mutation: You are partially covered in iridescent
                  | scales. (AC +2) [potion of mutation]
  1605 | D:3      | Gained mutation: You are somewhat resistant to further
                  | mutation. [potion of mutation]
  1605 | D:3      | Gained mutation: You occasionally shout uncontrollably at
                  | your foes. [potion of mutation]
  1608 | D:3      | HP: 1/61 [acid (9)]
  1609 | D:3      | Slain by Ijyb

Levels and vault maps discovered:
D:1:      mushboom_english_gardens, layout_rooms, minmay_misc_feat_cross
D:2:      layout_rooms, lemuel_blue_sif_altar, uniq_terence,
          uniq_crazy_yiuf_cottage
D:3:      kennysheep_the_goblin_king, layout_basic, serial_forest,
          infiniplex_forest_pool, infiniplex_forest_lined_2, uniq_sigmund,
          uniq_natasha, uniq_ijyb

Skill      XL: |  1  2  3  4  5 |
---------------+----------------+-----
Unarmed Combat | 4 5 |  5.2
Fighting       | 3 |  3.4
Dodging        | 3 |  3.4
Stealth        | 2 |  2.0

Action                   |  1- 3 |  4- 6 || total
-------------------------+-------+-------++-------
Melee: Unarmed           |    72 |   104 ||   176
       Punch             |       |     3 ||     3
  Use: Potion            |       |     3 ||     3
       Scroll            |       |     2 ||     2
 Stab: Sleeping          |     3 |     2 ||     5
  Eat: Chunk             |    10 |    10 ||    20
Armor: Robe              |    17 |    48 ||    65
Dodge: Dodged            |    41 |    67 ||   108
